 Dungeon Sprint DCSS version 0.19-a0-1920-g83281cb (webtiles) character file.

17124 Naow the Unseen (level 12, -5/63 HPs)
             Began as a Spriggan Enchanter on Oct 23, 2016.
             Was the Champion of Dithmenos.
             Hit by a large rock thrown by a stone giant (32 damage)
             ... in the Dungeon (Sprint IX: "|||||||||||||||||||||||||||||").
             The game lasted 00:12:48 (3108 turns).

Naow the Unseen (Spriggan Enchanter)                Turns: 3108, Time: 00:12:48

Health: -5/63      AC:  9    Str:  6    XL:     12   Next: 16%
Magic:  25/34      EV: 30    Int: 19    God:    Dithmenos [******]
Gold:   1489       SH:  0    Dex: 20    Spells: 4 memorised, 37 levels left

rFire  . . .     SeeInvis +     a - +3 dagger
rCold  . . .     Gourm    .     b - +2 robe
rNeg   + . .     Faith    .     (shield restricted)
rPois  .         Spirit   .     E - +1 hat {MR+}
rElec  .         Reflect  .     z - +0 cloak
rCorr  .         Harm     .     (gloves unavailable)
MR     +++++     Clarity  +     (boots unavailable)
Stlth  ++++++++++ NoTele   +    C - amulet of the Four Winds {rN+ MR+++ Clar}
                                F - +3 ring of protection
                                n - +3 ring of intelligence

@: wreathed by umbra, very quick
A: unfitting armour, see invisible, herbivore 3, speed 3, slow metabolism 2
a: Shadow Step, Shadow Form, Renounce Religion


You were in the Dungeon.
You worshipped Dithmenos.
Dithmenos was exalted by your worship.
You were not hungry.

You visited 1 branch You collected 1907 gold pieces.
You spent 418 gold pieces at shops.

Inventory:

Hand Weapons
 a - a +3 dagger (weapon)
 w - a +0 blowgun
 x - a +1 short sword of distortion
Missiles
 y - 7 curare-tipped needles
Armour
 b - a +2 robe (worn)
 z - a +0 cloak (worn)
 E - a +1 hat of magic resistance (worn)
 I - +1 ice dragon scales
Jewellery
 n - a +3 ring of intelligence (left hand)
 o - a +2 ring of evasion
 C - the amulet of the Four Winds (around neck) {rN+ MR+++ Clar}
   (You bought it in a shop in the Dungeon)

   [amulet of nothing]

   It protects you from negative energy.
   It affects your resistance to hostile enchantments.
   It protects you against confusion.
 F - a +3 ring of protection (right hand)
 G - an uncursed ring of protection from cold
 H - an uncursed ring of protection from cold
Wands
 m - a wand of iceblast (7/15)
 A - a wand of disintegration (9/24)
 B - a wand of lightning (6/15)
Scrolls
 j - 3 scrolls of blinking
 k - 5 scrolls of remove curse
 l - 2 scrolls of amnesia
 r - 3 scrolls of enchant armour
 s - a scroll of recharging
 t - a scroll of identify
 u - a scroll of fog
 J - a scroll of fear
Potions
 e - 7 potions of curing
 f - a potion of invisibility
 g - 2 potions of haste
 h - 4 potions of magic
 i - 6 potions of heal wounds
 p - a potion of berserk rage
 q - a potion of cure mutation
 D - 2 potions of brilliance
Books
 c - a book of Maledictions

   Spells                             Type                      Level
   a - Corona                         Hexes                        1
   b - Ensorcelled Hibernation        Hexes/Ice                    2
   c - Confuse                        Hexes                        3
   d - Tukima's Dance                 Hexes                        3
   e - Dazzling Spray                 Conjuration/Hexes            3
Comestibles
 d - 13 bread rations
 v - 40 fruits


   Skills:
 + Level 7.6 Fighting
 + Level 16.4 Short Blades
 + Level 13.0 Dodging
 - Level 19.2 Stealth
 + Level 17.8 Spellcasting
 - Level 15.4 Hexes


You had 37 spell levels left.
You knew the following spells:

 Your Spells              Type           Power        Failure   Level  Hunger
a - Corona                Hex            ######.      0%          1    None
b - Ensorcelled Hibernat  Hex/Ice        #####.       1%          2    None
c - Tukima's Dance        Hex            ######..     1%          3    None
d - Confuse               Hex            ######..     1%          3    None


Dungeon Overview and Level Annotations

Branches:
Dungeon (1/1)

Altars:
Cheibriados
Dithmenos
Elyvilon
Fedhas
Gozag
Hepliaklqana
Kikubaaqudgha
Makhleb
Nemelex Xobeh
Okawaru
Qazlal
Ru
Sif Muna
Trog
Uskayaw
Vehumet
Xom
Yredelemnul
Zin
The Shining One
Beogh
Jiyva
Lugonu

Shops:
D [(=!


Innate Abilities, Weirdness & Mutations

You are very small and have problems with some larger weapons.
You are too small for most types of armour.
You have supernaturally acute eyesight. (SInv)
You are a herbivore.
You cover ground extremely quickly.
You need consume almost no food.


Message History

Press: ? - help, Shift-Dir - straight line, f/p - stone giant
Aim: a stone giant (umbra, chance to defeat MR: 21%)
The stone giant resists with almost no effort.
Your shadow mimicks your spell!
The stone giant resists with almost no effort.
The stone giant hits you!!!
Ouch! That really hurt!
You emit a cloud of dark smoke.
Things that are here:
a longbow; 24 arrows; a centaur corpse You see here a tengu corpse.
You see here an arrow.
There is an open door to the Dungeon here.
You close the door.
A stone giant opens the door.
The stone giant throws a large rock.
The large rock completely misses you.
You see here an arrow.
The stone giant throws a large rock.
The large rock hits you!!
Ouch! That really hurt!
You die...

.÷....†..÷.'.........'.††.....?)%
▓▓▓▓▓▓▓▓▓▓▓▓▓▓▓▓▓▓▓▓▓▓▓▓▓▓▓▓▓▓▓▓▓
)..)..............†..............
▓▓▓▓▓▓▓▓▓▓▓▓▓▓▓▓▓▓▓▓▓▓▓▓▓▓▓▓▓▓▓▓▓
.).....')))))))).)).')))).∩)∩.∩.∩
▓▓▓▓▓▓▓▓▓▓▓▓▓▓▓▓▓▓▓▓▓▓▓▓▓▓▓▓▓▓▓▓▓
.................................
▓▓▓▓▓▓▓▓▓▓▓▓▓▓▓▓▓▓▓▓▓▓▓▓▓▓▓▓▓▓▓▓▓
)))..[[[[[[[....@.(...'CT§§§TZgc.
▓▓▓▓▓▓▓▓▓▓▓▓▓▓▓▓▓▓▓▓▓▓▓▓▓▓▓▓▓▓▓▓▓


You could see a stone giant.

Vanquished Creatures
  Gastronok (D)
  A stone giant (D)
  A centaur warrior (D)
  A death yak (D)
  An orc high priest (D)
  Sonja (D)
  An unseen horror (shapeshifter) (D)
  An ugly thing (D)
  4 orc knights (D)
  Joseph (D)
  8 elephants (D)
  Psyche (D)
  A black mamba (D)
  A gargoyle (D)
  4 spiny frogs (D)
  2 tengu conjurers (D)
  A komodo dragon (D)
  A two-headed ogre (D)
  A hippogriff (D)
  A blink frog (D)
  A vampire (D)
  A wyvern (D)
  A wraith (D)
  A mottled dragon (D)
  3 water moccasins (D)
  21 orc warriors (D)
  2 crocodiles (D)
  3 bullfrogs (D)
  3 orc priests (D)
  3 hounds (D)
  An orc wizard (D)
  An iguana (D)
  2 worker ants (D)
  An adder (D)
  2 adder zombies (D)
  9 orcs (D)
  3 goblins (D)
  A jackal (D)
  A kobold (D)
  A ball python (D)
  A rat (D)
96 creatures vanquished.

Notes
Turn   | Place    | Note
-------+----------+-------------------------------------------
     0 | D        | Naow the Spriggan Enchanter began the quest for the Orb.
     0 | D        | Reached XP level 1. HP: 9/9 MP: 5/5
    13 | D        | Reached skill level 5 in Stealth
    25 | D        | Noticed a worker ant
    27 | D        | Killed a worker ant
    27 | D        | Reached skill level 6 in Stealth
    27 | D        | Reached skill level 5 in Hexes
    27 | D        | Reached XP level 2. HP: 13/13 MP: 6/8
    27 | D        | Reached XP level 3. HP: 16/16 MP: 6/9
    47 | D        | Reached skill level 7 in Stealth
    54 | D        | Learned a level 2 spell: Ensorcelled Hibernation
    58 | D        | Learned a level 3 spell: Tukima's Dance
    62 | D        | Learned a level 3 spell: Confuse
    84 | D        | Found a roughly hewn altar of Beogh.
    84 | D        | Found a snail-covered altar of Cheibriados.
    84 | D        | Found a shadowy altar of Dithmenos.
    84 | D        | Found a white marble altar of Elyvilon.
    84 | D        | Found a blossoming altar of Fedhas.
    84 | D        | Found an opulent altar of Gozag.
    85 | D        | Found a hazy altar of Hepliaklqana.
    86 | D        | Found a viscous altar of Jiyva.
    87 | D        | Found an ancient bone altar of Kikubaaqudgha.
    88 | D        | Found a corrupted altar of Lugonu.
    89 | D        | Became a worshipper of Dithmenos the Shadowed
    90 | D        | Found a burning altar of Makhleb.
    91 | D        | Found a sparkling altar of Nemelex Xobeh.
    92 | D        | Found an iron altar of Okawaru.
    93 | D        | Found a stormy altar of Qazlal.
    94 | D        | Found a sacrificial altar of Ru.
    95 | D        | Found a deep blue altar of Sif Muna.
    96 | D        | Found a bloodstained altar of Trog.
    97 | D        | Found a hide-covered altar of Uskayaw.
    98 | D        | Found a radiant altar of Vehumet.
    99 | D        | Found a shimmering altar of Xom.
   100 | D        | Found a basalt altar of Yredelemnul.
   101 | D        | Found a glowing silver altar of Zin.
   102 | D        | Found a glowing golden altar of the Shining One.
   137 | D        | Noticed a wraith
   139 | D        | Reached skill level 5 in Spellcasting
   139 | D        | Reached XP level 4. HP: 21/21 MP: 9/12
   144 | D        | Reached * piety under Dithmenos
   144 | D        | Reached skill level 8 in Stealth
   269 | D        | Reached skill level 5 in Short Blades
   275 | D        | Killed a wraith
   275 | D        | Reached ** piety under Dithmenos
   275 | D        | Reached skill level 10 in Stealth
   275 | D        | Reached XP level 5. HP: 24/24 MP: 8/16
   275 | D        | Reached XP level 6. HP: 28/28 MP: 8/17
   314 | D        | Noticed a tengu conjurer
   314 | D        | Noticed a two-headed ogre
   314 | D        | Noticed a gargoyle
   320 | D        | Killed a tengu conjurer
   320 | D        | Reached skill level 12 in Stealth
   320 | D        | Reached XP level 7. HP: 32/32 MP: 7/20
   415 | D        | Reached *** piety under Dithmenos
   428 | D        | Killed a two-headed ogre
   428 | D        | Reached skill level 13 in Stealth
   428 | D        | Reached skill level 10 in Spellcasting
   428 | D        | Reached skill level 10 in Hexes
   433 | D        | Killed a gargoyle
   433 | D        | Reached XP level 8. HP: 21/36 MP: 9/23
   639 | D        | Noticed a spiny frog
   639 | D        | Noticed a spiny frog
   639 | D        | Noticed a komodo dragon
   639 | D        | Noticed a hippogriff
   640 | D        | Noticed a black mamba
   642 | D        | Killed a spiny frog
   642 | D        | Reached **** piety under Dithmenos
   642 | D        | Reached skill level 10 in Short Blades
   642 | D        | Reached skill level 14 in Stealth
   644 | D        | Killed a spiny frog
   646 | D        | Killed a komodo dragon
   646 | D        | Reached skill level 15 in Stealth
   647 | D        | Noticed a spiny frog
   648 | D        | Killed a hippogriff
   648 | D        | Reached XP level 9. HP: 39/39 MP: 16/26
   652 | D        | Reached ***** piety under Dithmenos
   654 | D        | Killed a black mamba
   654 | D        | Reached skill level 16 in Stealth
  1051 | D        | Killed a spiny frog
  1284 | D        | Noticed a death yak
  1286 | D        | Noticed a spiny frog
  1293 | D        | Killed a death yak
  1293 | D        | Reached skill level 17 in Stealth
  1516 | D        | Killed a spiny frog
  1516 | D        | Reached XP level 10. HP: 44/44 MP: 23/28
  1527 | D        | Reached ****** piety under Dithmenos
  1638 | D        | Noticed an elephant
  1638 | D        | Noticed an elephant
  1638 | D        | Noticed an elephant
  1638 | D        | Noticed an elephant
  1638 | D        | Noticed an elephant
  1638 | D        | Noticed an elephant
  1639 | D        | Noticed an elephant
  1640 | D        | Killed an elephant
  1640 | D        | Reached skill level 18 in Stealth
  1641 | D        | Noticed an elephant
  1642 | D        | Killed an elephant
  1644 | D        | Killed an elephant
  1649 | D        | Killed an elephant
  1684 | D        | Killed an elephant
  1684 | D        | Reached skill level 15 in Hexes
  1687 | D        | Killed an elephant
  1687 | D        | Reached skill level 19 in Stealth
  1687 | D        | Reached skill level 15 in Spellcasting
  1690 | D        | Killed an elephant
  1803 | D        | Killed an elephant
  1849 | D        | Noticed Sonja
  1856 | D        | Killed Sonja
  1856 | D        | Reached skill level 1 in Fighting
  1958 | D        | Noticed Joseph
  1961 | D        | Noticed Psyche
  1965 | D        | Killed Joseph
  1965 | D        | Reached skill level 5 in Dodging
  1965 | D        | Reached XP level 11. HP: 50/50 MP: 31/31
  1969 | D        | Killed Psyche
  2011 | D        | Noticed a stone giant
  2139 | D        | Killed a stone giant
  2224 | D        | Noticed an orc knight
  2232 | D        | Killed an orc knight
  2234 | D        | Noticed an orc high priest
  2241 | D        | Reached skill level 15 in Short Blades
  2253 | D        | Killed an orc high priest
  2399 | D        | Reached skill level 5 in Fighting
  2441 | D        | Found Davim's Antique Armour Emporium.
  2441 | D        | Noticed an orc knight
  2444 | D        | Found Xerikly's Antique Weapon Shoppe.
  2446 | D        | Noticed an orc knight
  2447 | D        | Killed an orc knight
  2447 | D        | Reached skill level 10 in Dodging
  2448 | D        | Found Gepeti's Jewellery Emporium.
  2691 | D        | Found Apranong's Distillery.
  2692 | D        | Killed an orc knight
  2699 | D        | Noticed an orc knight
  2707 | D        | Killed an orc knight
  2721 | D        | Bought the amulet of the Four Winds {rN+ MR+++ Clar} for 418 gold pieces
  2819 | D        | Noticed Gastronok
  2826 | D        | Killed Gastronok
  2927 | D        | Noticed a centaur warrior
  2927 | D        | Noticed a red ugly thing
  2934 | D        | Noticed a stone giant
  2935 | D        | Reached XP level 12. HP: 63/63 MP: 28/34
  2939 | D        | Killed a centaur warrior
  3108 | D        | Hit by a large rock thrown by a stone giant

Vault maps used:
D:        linesprint

Skill      XL: |  1  2  3  4  5  6  7  8  9 10 11 12 |
---------------+-------------------------------------+-----
Hexes          | 5 6 8 9 11 12 14 15 | 15.4
Stealth        | 6 7 10 12 13 15 17 19 | 19.2
Spellcasting   | 4 5 7 9 10 12 13 15 17 | 17.8
Short Blades   | 3 4 6 8 9 11 12 14 16 | 16.4
Fighting       | 2 7 |  7.6
Dodging        | 5 12 13 | 13.0

Action                   |  1- 3 |  4- 6 |  7- 9 | 10-12 || total
-------------------------+-------+-------+-------+-------++-------
Melee: Dagger            |    32 |    14 |    32 |    80 ||   158
 Cast: Ensorcelled Hiber |     1 |     8 |    27 |    66 ||   102
       Confuse           |       |     2 |     1 |     8 ||    11
  Use: Potion            |     2 |       |     1 |       ||     3
       Scroll            |       |       |     3 |       ||     3
 Stab: Sleeping          |     2 |     5 |    16 |    50 ||    73
       Confused          |       |     3 |     1 |     6 ||    10
Armor: Robe              |     1 |       |       |     1 ||     2
Dodge: Dodged            |    21 |     9 |    15 |    34 ||    79
